 Dungeon Crawl Stone Soup version 0.26.1-11-gd32895ea62 (webtiles) character file.

Game seed: 4229644460645581986

28 promet the Sneak (level 3, 0/20 HPs)
             Began as a Kobold Enchanter on June 30, 2021.
             Slain by a goblin
             ... wielding a +0 dagger
              (4 damage)
             ... on level 1 of the Dungeon.
             The game lasted 00:07:53 (1267 turns).

promet the Sneak (Kobold Enchanter)                 Turns: 1267, Time: 00:07:55

Health: 0/20       AC:  2    Str:  4 (6)  XL:     3   Next: 30%
Magic:  1/6        EV: 15    Int: 14 (16) God:
Gold:   35         SH:  0    Dex: 13 (15) Spells: 3/6 levels left

rFire    . . .     SeeInvis .   a - +1 dagger
rCold    . . .     Faith    .   (shield restricted)
rNeg     . . .     Spirit   .   b - +0 robe
rPois    .         Reflect  .   (no helmet)
rElec    .         Harm     .   (no cloak)
rCorr    .         Rampage  .   (no gloves)
Will     .....                  (no boots)
Stlth    ++++......             (no amulet)
HPRegen  0.06/turn              (no ring)
MPRegen  0.10/turn              (no ring)

@: very slightly contaminated
A: small, nightstalker 3
a: no special abilities


You were on level 1 of the Dungeon.
You visited 1 branch of the dungeon, and saw 1 of its levels.

You collected 35 gold pieces.

Inventory:

Hand Weapons
 a - a +1 dagger (weapon)
Missiles
 e - 13 poisoned darts
Armour
 b - a +0 robe (worn)
Scrolls
 d - a scroll of remove curse


   Skills:
 * Level 0.9 Fighting
 + Level 1.7 Short Blades
 + Level 3.0 Dodging
 + Level 4.3 Stealth
 + Level 2.4 Spellcasting
 + Level 3.2 Hexes
 + Level 0.1 Ice Magic


You had 3 spell levels left.
You knew the following spells:

 Your Spells              Type           Power        Failure   Level
a - Corona                Hex            11%          6%          1
b - Ensorcelled Hibernat  Hex/Ice        12%          17%         2

Your spell library contained the following spells:

 Spells                   Type           Power        Failure   Level
 Confusing Touch          Hex            10%          19%         3
 Tukima's Dance           Hex            10%          19%         3
 Dazzling Flash           Conj/Hex       12%          34%         3


Dungeon Overview and Level Annotations

Branches:
Dungeon (1/15)

Altars:


Innate Abilities, Weirdness & Mutations

You are small and have problems with some larger weapons.
You are completely attuned to the shadows.


Message History

You closely miss the goblin.
The goblin is heavily wounded.
The goblin closely misses you.
You hit the goblin but do no damage.
The goblin is heavily wounded.
The goblin hits you but does no damage.
You hit the goblin but do no damage.
The goblin is heavily wounded.
The goblin barely misses you.
You completely miss the goblin.
The goblin is moderately wounded.
The goblin hits you but does no damage.
You hit the goblin but do no damage.
The goblin is moderately wounded.
The goblin hits you with a +0 dagger.
* * * LOW HITPOINT WARNING * * *
You hit the goblin but do no damage.
The goblin is moderately wounded.
The goblin hits you with a +0 dagger.
You die...

#.#.......'........
##.#########....#.##.....#
.........................#(...
##.....#####....#..#.....#....
##..##.# #..............##..#####
##..##.###B####........###.......
..>..............................
##.###.###.###....#.........#####
.†.....###.# #..@g......S..... .
.........#.###.###......#########
.......#.......# #......#
.†....##.......# #......
..............## #####!
############### #######


You could see a goblin.

Vanquished Creatures
  2 dart slugs (D:1)
  3 giant cockroaches (D:1)
  3 goblins (D:1)
  3 hobgoblins (D:1)
  4 jackals (D:1)
  4 bats (D:1)
  A kobold (D:1)
  A rat (D:1)
21 creatures vanquished.

Notes
Turn   | Place    | Note
-------+----------+-------------------------------------------
     0 | D:1      | promet the Kobold Enchanter began the quest for the Orb.
     0 | D:1      | Reached XP level 1. HP: 10/10 MP: 3/3
   228 | D:1      | Reached XP level 2. HP: 10/15 MP: 3/5
   355 | D:1      | Learned a level 2 spell: Ensorcelled Hibernation
   744 | D:1      | Reached XP level 3. HP: 18/20 MP: 6/6
  1267 | D:1      | Slain by a goblin

Illustrated notes

Levels and vault maps discovered:
D:1:      mrwooster_arrival_statue, layout_basic

Skill      XL: |  1  2  3 |
---------------+----------+-----
Dodging        | 3 |  3.0
Fighting       | |  0.9
Short Blades   | |  1.7
Stealth        | |  4.3
Spellcasting   | |  2.4
Hexes          | |  3.2
Ice Magic      | |  0.1

Action                   || total
-------------------------++-------
Melee: Dagger            ||   126
 Cast: Corona            ||    15
       Ensorcelled Hiber ||     3
  Use: Scroll            ||     2
       Potion            ||     4
 Stab: Sleeping          ||     9
Armor: Robe              ||    27
Dodge: Dodged            ||    89
